 Dungeon Crawl Stone Soup version 0.30-a0-465-g8901f6c8b5 (webtiles) character file.

Game seed: 2070420952238683534

459 arthad the Digger (level 7, -18/40 HPs)
             Began as a Gargoyle Earth Elementalist on Dec 19, 2022.
             Engulfed by a cloud of flame (38 damage)
             ... on level 4 of the Dungeon.
             The game lasted 00:06:22 (2429 turns).

arthad the Digger (Gargoyle Earth Elementalist)     Turns: 2429, Time: 00:06:23

Health: -18/40     AC:  7    Str: 12    XL:     7   Next: 6%
Magic:  6/12       EV: 12    Int: 17    God:
Gold:   154        SH:  0    Dex: 10    Spells: 8/12 levels left

rFire   . . .      SeeInvis .    j - staff of poison
rCold   + . .      Faith    .    (no shield)
rNeg    + . .      Spirit   .    a - +0 robe
rPois   ∞          Reflect  .    (no helmet)
rElec   +          Harm     .    h - +0 cloak
rCorr   .          Rampage  .    (no gloves)
Will    .....                    (no boots)
Stlth   ++........               (no amulet)
HPRegen 0.26/turn                r - ring of protection from cold
MPRegen 0.13/turn                (no ring)

@: no status effects
A: sickness immunity, AC +4, negative energy resistance 1, electricity
resistance, torment resistance 1, petrification resistance
a: no special abilities


You were on level 4 of the Dungeon.
You visited 1 branch of the dungeon, and saw 4 of its levels.

You collected 154 gold pieces.

Inventory:

Armour
 a - a +0 robe (worn)
 h - a +0 cloak (worn)
 m - a +0 tower shield
 u - a +2 leather armour of cold resistance
Magical Staves
 j - a staff of poison (weapon)
Jewellery
 r - a ring of protection from cold (left hand)
Scrolls
 c - a scroll of immolation
 d - 5 scrolls of identify {unknown}
 i - 4 scrolls of enchant weapon {unknown}
 n - a scroll of fog {unknown}
 o - a scroll of silence {unknown}
 p - a scroll of teleportation {unknown}
 t - a scroll of vulnerability {unknown}
 v - a scroll of acquirement {unknown}
Potions
 b - 2 potions of cancellation {unknown}
 e - 2 potions of curing {unknown}
 f - a potion of berserk rage {unknown}
 g - a potion of mutation {unknown}
 k - a potion of degeneration {unknown}
 l - a potion of haste {unknown}
 q - a potion of brilliance {unknown}
 s - a potion of resistance {unknown}


   Skills:
 + Level 2.1 Fighting
 + Level 2.4 Dodging
 + Level 3.4 Stealth
 * Level 3.3 Spellcasting
 * Level 2.8 Conjurations
 * Level 2.1 Transmutations
 * Level 5.2 Earth Magic


You had 8 spell levels left.
You knew the following spells:

 Your Spells              Type           Power      Damage    Failure   Level
a - Sandblast             Erth           40%        2d10      1%          1
b - Stone Arrow           Conj/Erth      32%        3d9       10%         3

Your spell library contained the following spells:

 Spells                   Type           Power      Damage    Failure   Level
 Passwall                 Tmut/Erth      12%        N/A       5%          2
 Petrify                  Tmut/Erth      15%        N/A       36%         4


Dungeon Overview and Level Annotations

Branches:
Dungeon (4/15)
 Temple: D:4-7

Altars:
Nemelex Xobeh
Uskayaw
Zin

Annotations:
D:4 Robin


Innate Abilities, Weirdness & Mutations

You are immune to sickness and miasma.
Your stone body is resilient. (AC +4)
You are immune to poison.
You resist negative energy. (rN+)
You are resistant to electric shocks. (rElec)
You are resistant to unholy torment.
You are immune to petrification.


Message History

Unknown command.
Aiming: Sandblast (safe; 1% risk of failure)
Press: ? - help, Q - select action, (/) - cycle Shift-Dir - straight line, f - goblin
Aim: a goblin, wielding a +0 dagger (inner flame, strong, 79% to hit)
The blast of sand hits the goblin.
The goblin explodes!
You hear a shout!
The goblin misses you. Robin throws the goblin at you!
The goblin hits you but does no damage. The goblin closely misses you.
The goblin hits you but does no damage.
Unknown command.
Unknown command.
Aiming: Sandblast (safe; 1% risk of failure)
Press: ? - help, Q - select action, (/) - cycle Shift-Dir - straight line, f - goblin
Aim: a goblin, wielding a +0 club (strong, 79% to hit)
The blast of sand hits the goblin!
You kill the goblin!
The goblin closely misses you.
Unknown command.
Aiming: Sandblast (safe; 1% risk of failure)
Press: ? - help, Q - select action, (/) - cycle Shift-Dir - straight line, f - goblin
Aim: a goblin, wielding a +0 dagger (strong, 79% to hit)
The blast of sand hits the goblin!
You kill the goblin!
The goblin barely misses you.
The goblin hits you but does no damage. x2
Unknown command.
Aiming: Sandblast (safe; 1% risk of failure)
Press: ? - help, Q - select action, (/) - cycle Shift-Dir - straight line, f - goblin
Aim: a goblin, wielding a +0 dagger (inner flame, strong, 79% to hit)
The blast of sand hits the goblin!
The goblin explodes!
The fiery explosion engulfs the goblin!!
You kill the goblin!
The fiery explosion engulfs you!!
Ouch! That really hurt!
The fiery explosion engulfs the endoplasm!!
You kill the endoplasm!
You are engulfed in blazing flames.
Ouch! That really hurt!
You die...

#.# ....... ..
#... ..g.. ...
#...#.§°g. ....
#.... §§l #.#..
##..§§#☼. ......
#...g☼#§##......
#..§§§§..$.#...
#..§@§.......
#..##g....... #.
...#..... #
#.### .... ##
... ##


You could see an iguana, Robin (inner flame) and 3 goblins.

Vanquished Creatures
  Grinder (D:3)
  Sigmund (D:2)
  5 adders
  4 orcs (D:3)
  5 endoplasms
  2 giant cockroaches
  8 hobgoblins
  8 jackals
  A kobold (D:2)
  3 quokkas
  7 ball pythons
  4 bats
  5 frilled lizards
  9 goblins
  4 rats
67 creatures vanquished.

Notes
Turn   | Place    | Note
-------+----------+-------------------------------------------
     0 | D:1      | arthad the Gargoyle Earth Elementalist began the quest for
                  | the Orb.
     0 | D:1      | Reached XP level 1. HP: 10/10 MP: 3/3
   158 | D:1      | Reached skill level 1 in Transmutations
   160 | D:1      | Reached XP level 2. HP: 15/15 MP: 1/5
   607 | D:1      | Found a faded altar of an unknown god.
   850 | D:2      | Reached XP level 3. HP: 20/20 MP: 3/6
   854 | D:2      | Learned a level 3 spell: Stone Arrow
   956 | D:2      | Noticed Sigmund
   961 | D:2      | Reached skill level 4 in Earth Magic
   970 | D:2      | Reached skill level 1 in Fighting
   979 | D:2      | Killed Sigmund
   980 | D:2      | Reached XP level 4. HP: 5/25 MP: 2/8
   980 | D:2      | Reached XP level 5. HP: 6/29 MP: 2/9
  1572 | D:3      | Found a sparkling altar of Nemelex Xobeh.
  1601 | D:3      | Reached XP level 6. HP: 35/35 MP: 6/10
  1929 | D:3      | Noticed Grinder
  1935 | D:3      | Paralysed by Grinder for 3 turns
  1944 | D:3      | Killed Grinder
  1945 | D:3      | Reached skill level 5 in Earth Magic
  1945 | D:3      | Reached XP level 7. HP: 10/40 MP: 4/12
  2179 | D:3      | Found a hide-covered altar of Uskayaw.
  2406 | D:3      | Found a glowing silver altar of Zin.
  2420 | D:4      | Noticed Robin
  2429 | D:4      | Engulfed by a cloud of flame

Illustrated notes

Levels and vault maps discovered:
D:1:      sevenhm_arrival_forest_fort_small_4, layout_rooms,
          shapermc_ecumenical_altar_hornbeckon, minmay_ruptured
D:2:      layout_rooms, nicolae_underground_beach, uniq_sigmund
D:3:      layout_loops_ring, nicolae_uskayaw_dance_hall,
          mainiacjoe_overflow_swirl, uniq_grinder
D:4:      layout_cave_pools, marbit_many_paths, mainiacjoe_overflow_alcove_1,
          minmay_misc_feat_iff, uniq_robin

Skill      XL: |  1  2  3  4  5  6 |
---------------+-------------------+-----
Transmutations | 1 2 |  2.1
Earth Magic    | 4 5 |  5.2
Fighting       | 1 2 |  2.1
Dodging        | 2 |  2.4
Stealth        | 3 |  3.4
Spellcasting   | 3 |  3.3
Conjurations   | 2 |  2.8

Action                   |  1- 3 |  4- 6 |  7- 9 || total
-------------------------+-------+-------+-------++-------
Melee: Unarmed           |     6 |       |       ||     6
       Staff             |     9 |     5 |       ||    14
 Cast: Sandblast         |    40 |    39 |    17 ||    96
  Use: Potion            |     1 |       |       ||     1
       Scroll            |       |       |     1 ||     1
Armor: Robe              |     2 |    10 |    13 ||    25
Dodge: Dodged            |    26 |    14 |     9 ||    49

Table legend: (Time is in decaauts)
 A = Elapsed time spent in this place.
 B = Non-inter-level travel time spent in this place.
 C = Inter-level travel time spent in this place.
 D = Time resting spent in this place.
 E = Time spent auto-exploring this place.
 F = Levels seen in this place.
 G = Mean time per level.
                   A        B        C        D        E       F      G
               +--------+--------+--------+--------+--------+-----+--------+
         Total |   2489 |   2425 |     64 |    276 |   1778 |   4 |  622.2 |
       Dungeon |   2489 |   2425 |     64 |    276 |   1778 |   4 |  622.2 |
               +--------+--------+--------+--------+--------+-----+--------+

Top non-repeatable levels by time:
     D:3: 944 daAuts
     D:2: 780 daAuts
     D:1: 752 daAuts
     D:4: 11 daAuts
